 Dungeon Crawl Stone Soup version 0.31-a0-1616-gbeaec30 (webtiles) character file.

Game seed: 5979784964550205227

5043 Dorkslayer the Covert (level 10, -2/68 HPs)
             Began as an Octopode Fighter on Jan 10, 2024.
             Was a Follower of Dithmenos.
             Constricted to death by Erica (4 damage)
             ... on level 8 of the Dungeon.
             The game lasted 00:21:10 (6215 turns).

Dorkslayer the Covert (Octopode Fighter)            Turns: 6215, Time: 00:21:10

Health: -2/68      AC:  1    Str: 19 (21) XL:     10   Next: 55%
Magic:  33/33      EV: 13    Int:  8 (10) God:    Dithmenos [*.....]
Gold:   568        SH:  6    Dex: 14 (17) Spells: 14/16 levels left

rFire   . . .        h - +2 rapier (venom)
rCold   . . .        b - +1 buckler
rNeg    . . .        (helmet restricted)
rPois   .            (no amulet)
rElec   .            f - +6 ring of strength
rCorr   +            g - ring of magical power
SInv    .            i - ring of magical power
Will    .....        t - ring of resist corrosion
Stlth   ++++++       (no ring)
HPRegen 0.31/turn    (no ring)
MPRegen 0.23/turn    (no ring)
                     (no ring)

%: no passive effects
@: wreathed by umbra, constricted
A: almost no armour, amphibious, 8 rings, camouflage 1, gelatinous body 1,
(nimble swimmer 1), tentacles
a: Renounce Religion


You were on level 8 of the Dungeon.
You worshipped Dithmenos.
Dithmenos was aware of your devotion.
You visited 2 branches of the dungeon, and saw 9 of its levels.

You collected 568 gold pieces.

Inventory:

Hand Weapons
 a - a +0 long sword
 h - a +2 rapier of venom (weapon)
 z - a +1 rapier of holy wrath
Missiles
 c - 5 boomerangs (quivered)
Armour
 b - a +1 buckler (worn)
Jewellery
 f - a +6 ring of strength (left tentacle)
 g - a ring of magical power (right tentacle)
 i - a ring of magical power (on tentacle)
 t - a ring of resist corrosion (on tentacle)
Talismans
 x - a flux talisman
Wands
 k - a wand of polymorph (41)
 v - a wand of iceblast (10)
Scrolls
 e - 2 scrolls of amnesia
 l - a scroll of revelation
 n - a scroll of poison
 q - a scroll of fear
 y - a scroll of teleportation
Potions
 d - a potion of resistance
 j - 4 potions of brilliance
 m - a potion of degeneration
 p - 2 potions of cancellation {unknown}
 r - 2 potions of ambrosia {unknown}
 s - a potion of magic
 u - a potion of heal wounds {unknown}
 w - a potion of enlightenment {unknown}


   Skills:
 + Level 5.7 Fighting
 + Level 6.1(7.1) Short Blades
 * Level 5.5(6.8) Long Blades
 + Level 4.1 Throwing
 * Level 7.3 Dodging
 + Level 8.3 Stealth
 + Level 5.2 Shields
 + Level 3.2 Unarmed Combat
 * Level 3.6 Spellcasting
 * Level 2.1 Translocations
 * Level 2.0 Invocations
 * Level 6.8 Evocations
 * Level 1.2 Shapeshifting


You had 14 spell levels left.
You knew the following spells:

 Your Spells              Type           Power      Damage    Failure   Level
a - Blink                 Tloc           8%         N/A       24%         2

Your spell library contained the following spells:

 Spells                   Type           Power      Damage    Failure   Level
 Magic Dart               Conj           4%         1d3       36%         1
 Summon Small Mammal      Summ           4%         N/A       36%         1
 Call Imp                 Summ           2%         N/A       50%         2
 Sublimation of Blood     Necr           1%         N/A       50%         2
 Call Canine Familiar     Summ           1%         N/A       75%         3
 Tukima's Dance           Hex            1%         N/A       75%         3
 Passage of Golubria      Tloc           4%         N/A       83%         4
 Anguish                  Hex/Necr       0%         N/A       98%         4
 Cause Fear               Hex            0%         N/A       98%         4
 Summon Blazeheart Golem  Fire/Summ      1%         N/A       98%         4
 Yara's Violent Unravell  Hex/Alch       0%         3d3       100%        5
 Enfeeble                 Hex            0%         N/A       100%        7
 Summon Hydra             Summ           0%         N/A       100%        7


Dungeon Overview and Level Annotations

Branches:
Dungeon (8/15)             Temple (1/1) D:6
   Lair: D:8-11

Altars:
Ashenzari
Cheibriados
Dithmenos
Elyvilon
Fedhas
Gozag
Hepliaklqana
Kikubaaqudgha
Makhleb
Nemelex Xobeh
Okawaru
Qazlal
Ru
Sif Muna
Trog
Uskayaw
Vehumet
Wu Jian
Xom
Yredelemnul
Zin
The Shining One

Annotations:
D:8 Erica


Innate Abilities, Weirdness & Mutations

You cannot wear most types of armour.
You are amphibious.
You can wear up to eight rings at the same time.
Your skin changes colour to match your surroundings (Stealth+).
Your rubbery body absorbs attacks. (AC +1, EV +1)
((You are camouflaged when in or above water. (Stealth+)))
You have tentacles for arms and can constrict up to eight enemies at once.


Message History

Pikel is heavily wounded.
You constrict Pikel.
Pikel hits you with a +1 whip of flaming!
Pikel burns you.
You puncture Pikel! You squeeze Pikel.
Pikel is almost dead.
You constrict Pikel. You completely miss Pikel.
Pikel is almost dead.
You constrict Pikel, but do no damage. Pikel barely misses you.
You hit Pikel. Your squeeze misses Pikel.
Pikel is almost dead.
You constrict Pikel.
You kill Pikel!
Dithmenos accepts your kill.
With Pikel's spell broken, his former minions thank you for their freedom.
The lemure departs this earthly plane. x2
Your Invocations skill increases to level 2!
Unknown command.
Your +1 rapier of holy wrath stops glowing.
Your +2 rapier of venom begins to drip with poison!
h - a +2 rapier of venom (weapon)
You puncture something! Your squeeze misses something. You hit something.
Your squeeze misses something. Something hits you! Something burns you.
Something barely misses you.
You miss something. Your squeeze misses something. Something hits you.
Something burns you. Something grabs you.
You are constricted.
You hit something. Your squeeze misses something.
Something completely misses you.
You are constricted.
You completely miss something. Something hits you!!
* * * LOW HITPOINT WARNING * * *
Something burns you!
* * * LOW HITPOINT WARNING * * *
You are constricted.
* * * LOW HITPOINT WARNING * * *
It was a potion of degeneration.
There was something very wrong with that liquid.
You feel weakened.
You feel dopey.
You feel clumsy. You block something's attack.
You are constricted.
You die...

..........#...#
...............
#.......#
##..F$.<#
..F...#.#
##.#.##.# # #.
#)# # #.# #@#
#......#
#.#.#### #.#
#.# #.# # #.#
#.#.###
#.#...#####


There were no monsters in sight!

Vanquished Creatures
  Pikel (D:8)
  A manticore (D:7)
  Maggie (D:7)
  Grinder (D:5)
  6 yaks
  2 water moccasins
  An ice beast (D:6)
  2 sky beasts (D:7)
  2 black bears
  3 ogres
  3 centaurs
  A lemure (D:8)
  A phantom (D:5)
  7 bullfrogs
  4 scorpions (D:7)
  2 wights (D:7)
  A bombardier beetle (D:7)
  4 hounds
  4 orc priests
  Terence (D:3)
  3 iguanas
  2 orc wizards
  A sleepcap (D:7)
  3 adders
  8 gnolls
  3 dart slugs
  2 ribbon worms (D:4)
  19 orcs
  6 endoplasms
  3 giant cockroaches
  5 goblins
  10 hobgoblins
  8 kobolds
  4 quokkas
  6 ball pythons
  6 bats
  3 frilled lizards
  A rat (D:1)
141 creatures vanquished.

Notes
Turn   | Place    | Note
-------+----------+-------------------------------------------
     0 | D:1      | Dorkslayer the Octopode Fighter began the quest for the
                  | Orb.
     0 | D:1      | Reached XP level 1. HP: 16/16 MP: 1/1
   135 | D:1      | Reached XP level 2. HP: 21/21 MP: 2/2
   316 | D:1      | Reached skill level 1 in Stealth
   326 | D:1      | Reached XP level 3. HP: 22/26 MP: 3/3
  1079 | D:2      | Reached skill level 2 in Stealth
  1256 | D:3      | Reached XP level 4. HP: 31/31 MP: 4/4
  1291 | D:3      | Noticed Terence
  1299 | D:3      | Killed Terence
  1565 | D:4      | Noticed a black bear
  1573 | D:4      | Killed a black bear
  1574 | D:4      | Reached skill level 1 in Short Blades
  1574 | D:4      | Reached skill level 3 in Stealth
  1574 | D:4      | Reached XP level 5. HP: 36/36 MP: 5/5
  1793 | D:4      | Identified the +1 pair of gloves of Farfalle {Rampage rC+
                  | MP-9 Int+5}
  1916 | D:4      | Reached skill level 4 in Stealth
  1916 | D:4      | Reached XP level 6. HP: 32/42 MP: 6/6
  2457 | D:4      | Reached skill level 5 in Fighting
  2457 | D:4      | Reached skill level 6 in Stealth
  2457 | D:4      | Reached skill level 5 in Evocations
  2457 | D:4      | Reached XP level 7. HP: 50/50 MP: 11/11
  2461 | D:4      | Learned a level 2 spell: Blink
  2914 | D:5      | Entered Level 5 of the Dungeon
  3050 | D:5      | Reached skill level 5 in Shields
  3174 | D:5      | You fall into a shaft and drop 3 floors!
  3256 | D:6      | Noticed a yak
  3256 | D:6      | Noticed a yak
  3257 | D:6      | Noticed a yak
  3260 | D:6      | Killed a yak
  3261 | D:6      | Reached XP level 8. HP: 55/55 MP: 12/12
  3265 | D:6      | Killed a yak
  3273 | D:6      | Killed a yak
  3274 | D:6      | Reached skill level 7 in Stealth
  4039 | D:5      | Noticed Grinder
  4054 | D:5      | Paralysed by Grinder for 3 turns
  4059 | D:5      | Killed Grinder
  4060 | D:5      | Reached skill level 5 in Short Blades
  4060 | D:5      | Reached XP level 9. HP: 48/61 MP: 13/13
  4319 | D:6      | Found a staircase to the Ecumenical Temple.
  4349 | Temple   | Entered the Ecumenical Temple
  4543 | D:6      | Found a shimmering altar of Xom.
  5131 | D:7      | Reached skill level 1 in Translocations
  5209 | D:7      | Found a glowing silver altar of Zin.
  5211 | D:7      | Found a snail-covered altar of Cheibriados.
  5211 | D:7      | Found a shadowy altar of Dithmenos.
  5211 | D:7      | Found a blossoming altar of Fedhas.
  5215 | D:7      | Found a basalt altar of Yredelemnul.
  5220 | D:7      | Became a worshipper of Dithmenos the Shadowed
  5381 | D:7      | Noticed Maggie
  5559 | D:7      | Reached skill level 5 in Long Blades
  5609 | D:7      | Noticed a manticore
  5613 | D:7      | Killed a manticore
  5614 | D:7      | Reached skill level 1 in Invocations
  5614 | D:7      | Reached XP level 10. HP: 68/68 MP: 15/15
  5845 | D:7      | Reached * piety under Dithmenos
  5846 | D:7      | Reached skill level 8 in Stealth
  6160 | D:7      | Killed Maggie
  6161 | D:7      | Reached skill level 1 in Shapeshifting
  6187 | D:8      | Noticed Pikel
  6187 | D:8      | Noticed Erica
  6206 | D:8      | Killed Pikel
  6214 | D:8      | HP: 2/68 [something (3)]
  6215 | D:8      | Constricted to death by Erica

Illustrated notes

Levels and vault maps discovered:
D:1:      beargit_arrival_diablo_church, layout_loops_ring,
          minmay_misc_feat_nine_boxes
D:2:      layout_rooms
D:3:      layout_basic, serial_bayou_ford_a, uniq_terence
D:4:      layout_layer_cave
D:5:      layout_basic, uniq_grinder
D:6:      layout_basic, mainiacjoe_overflow_cross_hatched,
          minmay_temple_entry_large_hall
D:7:      kennysheep_windowed_halls, layout_rooms, minitemple, uniq_maggie
D:8:      layout_loops_ring, uniq_pikel, uniq_erica, uniq_joseph
Temple:   eino_temple_scatter_basement

Skill      XL: |  1  2  3  4  5  6  7  8  9 10 |
---------------+-------------------------------+-----
Stealth        | 1 2 3 4 6 7 8 |  8.3
Short Blades   | 1 4 5 6 |  6.1
Long Blades    | 3 4 5 |  5.5
Dodging        | 4 6 7 |  7.3
Fighting       | 5 |  5.7
Throwing       | 3 4 |  4.1
Shields        | 4 5 |  5.2
Unarmed Combat | 3 |  3.2
Spellcasting   | 2 3 |  3.6
Evocations     | 5 6 |  6.8
Translocations | 1 2 |  2.1
Invocations    | 1 2 |  2.0
Shapeshifting  | 1 |  1.2

Action                     |  1- 3 |  4- 6 |  7- 9 | 10-12 || total
---------------------------+-------+-------+-------+-------++-------
  Melee: Long sword        |    66 |       |       |       ||    66
         Constrict         |    22 |    12 |    30 |     6 ||    70
         Tentacles         |    18 |     8 |    36 |    10 ||    72
         Rapier            |     7 |    48 |   144 |    62 ||   261
         Punch             |       |       |     2 |     1 ||     3
  Throw: Boomerang         |       |       |    26 |     9 ||    35
         Throwing net      |       |       |       |     1 ||     1
  Evoke: Wand              |       |       |       |     3 ||     3
    Use: Scroll            |       |    11 |     3 |       ||    14
         Potion            |       |     4 |       |     1 ||     5
   Stab: Sleeping          |    13 |     6 |     9 |     8 ||    36
         Distracted        |       |     2 |     1 |       ||     3
 Armour: Skin              |    29 |    12 |    43 |    21 ||   105
  Dodge: Dodged            |    33 |    21 |    62 |    17 ||   133
  Block: Buckler           |    19 |     8 |    27 |     6 ||    60

Table legend: (Time is in decaauts)
 A = Elapsed time spent in this place.
 B = Non-inter-level travel time spent in this place.
 C = Inter-level travel time spent in this place.
 D = Time resting spent in this place.
 E = Time spent auto-exploring this place.
 F = Levels seen in this place.
 G = Mean time per level.
                   A        B        C        D        E       F      G
               +--------+--------+--------+--------+--------+-----+--------+
         Total |   6226 |   6226 |      0 |    634 |   2274 |   9 |  691.8 |
       Dungeon |   6190 |   6190 |      0 |    634 |   2274 |   8 |  773.8 |
        Temple |     35 |     35 |      0 |      0 |      0 |   1 |   35.0 |
               +--------+--------+--------+--------+--------+-----+--------+

Top non-repeatable levels by time:
     D:4: 1365 daAuts
     D:6: 1270 daAuts
     D:7: 1060 daAuts
     D:5: 838 daAuts
     D:1: 775 daAuts
     D:2: 433 daAuts
     D:3: 364 daAuts
     D:8: 82 daAuts
  Temple: 35 daAuts
